 Dungeon Crawl Stone Soup version 0.23.2-33-g5129a83184 (webtiles) character file.

Game seed: 15643955733828021156

2786 Acheron the Skirmisher (level 9, 0/54 HPs)
             Began as a Gargoyle Abyssal Knight on July 28, 2019.
             Was an Elder of Lugonu.
             Slain by an ice beast (8 damage)
             ... on level 10 of the Dungeon.
             The game lasted 00:42:34 (7944 turns).

Acheron the Skirmisher (Gargoyle Abyssal Knight)    Turns: 7944, Time: 00:42:35

Health: 0/54       AC: 15    Str: 17    XL:     9   Next: 70%
Magic:  14/14      EV: 12    Int: 12    God:    Lugonu [****..]
Gold:   315        SH:  0    Dex: 12    Spells: 14/14 levels left

rFire    . . .     SeeInvis .   q - +2 hand axe (chop)
rCold    . . .     Gourm    .   (no shield)
rNeg     + . .     Faith    .   h - +0 ring mail
rPois    ∞         Spirit   .   (no helmet)
rElec    +         Reflect  .   (no cloak)
rCorr    .         Harm     .   o - +2 pair of gloves
MR       .....                  (no boots)
Stlth    ++........             (no amulet)
HPRegen  0.18/turn              (no ring)
MPRegen  0.14/turn              (no ring)

@: no status effects
A: negative energy resistance 1, electricity resistance, unbreathing,
petrification resistance, rot immunity, AC +6
a: Depart the Abyss, Bend Space, Banish, Corrupt, Renounce Religion


You were on level 10 of the Dungeon.
You worshipped Lugonu.
Lugonu was greatly pleased with you.
You were very hungry.

You visited 2 branches of the dungeon, and saw 11 of its levels.
You visited the Abyss 1 time.
You also visited: Sewer.

You collected 386 gold pieces.
You spent 71 gold pieces at shops.

Inventory:

Hand Weapons
 d - a +1 short sword of speed
 e - a +0 blowgun
 q - a +2 hand axe of chopping (weapon)
 s - a +0 hunting sling of flaming
 y - a +0 hand crossbow
 C - a +2 shortbow of freezing
 J - a cursed +4 great sword of freezing
Missiles
 k - 279 stones
 m - 4 silver javelins (quivered)
 v - 42 poisoned needles
 x - 28 sling bullets
 A - 56 bolts
 D - 42 arrows
 G - a throwing net
Armour
 h - a +0 ring mail (worn)
 o - a +2 pair of gloves (worn)
Wands
 t - a wand of iceblast (7)
 B - a wand of digging (6)
Scrolls
 g - 3 scrolls of teleportation
 r - a scroll of holy word {unknown}
 E - 3 scrolls of remove curse
 H - 3 scrolls of identify
 I - a scroll of magic mapping
Potions
 a - a potion of invisibility {unknown}
 f - a potion of might {unknown}
 i - 2 potions of flight
 j - a potion of cancellation {unknown}
 l - a potion of heal wounds {unknown}
 n - a potion of curing
 p - a potion of resistance
 u - a potion of magic {unknown}
 w - a potion of berserk rage {unknown}
 z - a potion of agility {unknown}
 F - 3 potions of brilliance
Comestibles
 c - 15 rations


   Skills:
 * Level 5.4 Fighting
 * Level 4.9 Short Blades
 * Level 4.8 Axes
 * Level 2.9 Slings
 * Level 5.4 Armour
 * Level 3.0 Dodging
 * Level 3.8 Stealth
 * Level 3.3 Spellcasting
 * Level 4.2 Invocations
 * Level 2.6 Evocations


You had 14 spell levels left.
You didn't know any spells.
Your spell library was empty.

Dungeon Overview and Level Annotations

Branches:
Dungeon (10/15)            Temple (1/1) D:7            Lair (0/6) D:8
    Orc: D:9-12

Altars:
Ashenzari
Cheibriados
Dithmenos
Fedhas
Gozag
Hepliaklqana
Kikubaaqudgha
Makhleb
Nemelex Xobeh
Okawaru
Qazlal
Ru
Sif Muna
Trog
Uskayaw
Wu Jian
Xom
Yredelemnul
Zin
The Shining One

Shops:
D:6 =   D:7 *

Annotations:
D:3 exclusion: downstairs
D:6 exclusion: downstairs
D:8 1 transporter, haesbaert's ghost, journeyman KoGl
D:10 Psyche


Innate Abilities, Weirdness & Mutations

You are resistant to torment.
Your stone body is resilient. (AC +6)
You are immune to poison.
You resist negative energy. (rN+)
You are resistant to electric shocks. (rElec)
You can survive without breathing.
You are immune to petrification.
You are immune to rotting.


Message History

The hungry ghost hits you.
You feel somewhat more hungry.
The ice beast hits you but does no damage.
You eat one of the 16 rations.
That ration really hit the spot!
The hungry ghost hits you.
You feel a lot more hungry.
You miss the hungry ghost.
The hungry ghost is heavily damaged.
The hungry ghost hits you.
* * * LOW HITPOINT WARNING * * *
You are feeling hungry.
You barely miss the hungry ghost.
The hungry ghost is heavily damaged.
The hungry ghost hits you.
You are feeling very hungry.
Found a stone staircase leading down.
You see here a scroll of identify.
H - 3 scrolls of identify (gained 1)
The ice beast hits you.
* * * LOW HITPOINT WARNING * * *
The ice beast freezes you!
You die...

#..# #..# #..# #
#..####.###.
#...<.(.....
#.##.#######
#.W..# ###
######Y.##.....
........@.......
.######.########
#.# #.# #.# #.#
#.# .> #.## #...


You could see a hungry ghost and an ice beast.

Vanquished Creatures
  A hippogriff (D:8)
  A sky beast (D:6)
  A black bear (D:7)
  4 ogres
  2 centaurs (D:6)
  A crocodile (D:8)
  9 big kobolds
  4 bullfrogs
  3 scorpions
  A killer bee (D:8)
  2 wights (D:8)
  3 howler monkeys
  A crimson imp (D:7)
  2 hounds
  An orc priest (D:9)
  2 iguanas
  A jelly (D:8)
  3 worker ants
  A killer bee zombie (D:6)
  3 hound skeletons
  A worker ant zombie (D:7)
  10 adders
  A river rat (Sewer)
  A shadow imp (D:7)
  An ooze (Sewer)
  6 worms
  2 dart slugs
  3 leopard geckos
  11 orcs
  7 giant cockroaches
  4 hobgoblins
  9 jackals
  4 quokkas
  6 ball pythons
  12 bats
  4 frilled lizards
  8 goblins
  22 kobolds
  A quokka zombie (D:6)
  16 rats
175 creatures vanquished.

Vanquished Creatures (others)
  A bush (D:8)
  2 fungi (D:8)
  13 plants (D:8)
16 creatures vanquished.

Grand Total: 191 creatures vanquished

Notes
Turn   | Place    | Note
-------+----------+-------------------------------------------
     0 | Abyss:1  | Acheron the Gargoyle Abyssal Knight began the quest for the
                  | Orb.
     0 | Abyss:1  | Reached XP level 1. HP: 14/14 MP: 2/2
    15 | D:1      | Escaped the Abyss
    90 | D:1      | Reached XP level 2. HP: 10/19 MP: 3/3
   260 | D:1      | Reached skill level 1 in Dodging
   405 | D:1      | Reached ** piety under Lugonu
   482 | D:2      | Reached XP level 3. HP: 15/24 MP: 4/4
   945 | D:2      | Found a hide-covered altar of Uskayaw.
  1029 | D:2      | Reached skill level 1 in Stealth
  1138 | D:2      | Reached skill level 1 in Spellcasting
  1395 | D:2      | Reached XP level 4. HP: 26/29 MP: 5/5
  1448 | D:2      | Found a burning altar of Makhleb.
  1873 | D:4      | Reached XP level 5. HP: 4/33 MP: 6/6
  1976 | D:4      | Reached *** piety under Lugonu
  1987 | D:4      | Found a glowing drain.
  1995 | Sewer    | Entered a sewer
  2272 | Sewer    | Noticed a big kobold
  2311 | Sewer    | Killed a big kobold
  2311 | Sewer    | Reached XP level 6. HP: 33/38 MP: 8/8
  2443 | Sewer    | Reached skill level 1 in Short Blades
  2577 | Sewer    | Reached skill level 1 in Evocations
  2612 | Sewer    | Reached XP level 7. HP: 43/43 MP: 8/10
  2780 | Sewer    | Reached skill level 1 in Slings
  3299 | D:4      | Found a deep blue altar of Sif Muna.
  4124 | D:3      | Found a snail-covered altar of Cheibriados.
  4124 | D:3      | Found a sparkling altar of Nemelex Xobeh.
  4129 | D:3      | Found an ancient bone altar of Kikubaaqudgha.
  4132 | D:3      | Found a faded altar of an unknown god.
  4134 | D:3      | Found a faded altar of an unknown god.
  4478 | D:5      | Entered Level 5 of the Dungeon
  4532 | D:5      | Reached XP level 8. HP: 48/48 MP: 11/11
  4951 | D:5      | Reached **** piety under Lugonu
  5106 | D:6      | Found Bedi's Jewellery Shop.
  5113 | D:6      | Bought a cursed amulet of inaccuracy for 22 gold pieces
  5113 | D:6      | Bought a cursed ring of teleportation for 49 gold pieces
  5758 | D:7      | Reached skill level 5 in Fighting
  5773 | D:7      | Reached XP level 9. HP: 54/54 MP: 13/13
  5840 | D:7      | Found a shadowy altar of Dithmenos.
  6240 | D:7      | Found a staircase to the Ecumenical Temple.
  6497 | D:7      | Found Renwuv's Lightly-Used Armoury.
  6507 | D:7      | Found a glowing silver altar of Zin.
  6628 | Temple   | Entered the Ecumenical Temple
  6986 | D:8      | Reached skill level 5 in Armour
  7182 | D:10     | Entered Level 10 of the Dungeon
  7205 | D:10     | Noticed Psyche
  7784 | D:8      | Noticed haesbaert's ghost (journeyman KoGl)
  7811 | D:8      | Found a transporter.
  7815 | D:8      | Found a staircase to the Lair.
  7944 | D:10     | Slain by an ice beast

Skill      XL: |  1  2  3  4  5  6  7  8  9 |
---------------+----------------------------+-----
Dodging        | 1 2 3 |  3.0
Axes           | 2 3 4 |  4.8
Stealth        | 1 2 3 |  3.8
Spellcasting   | 1 2 3 |  3.3
Armour         | 3 4 5 |  5.4
Fighting       | 4 5 |  5.4
Short Blades   | 1 3 4 |  4.9
Evocations     | 1 2 |  2.6
Slings         | 1 2 |  2.9
Invocations    | 3 4 |  4.2

Action                   |  1- 3 |  4- 6 |  7- 9 || total
-------------------------+-------+-------+-------++-------
Melee: Hand axe          |   149 |    60 |   211 ||   420
       Short sword       |       |   170 |   439 ||   609
 Fire: Hunting sling     |       |     3 |    26 ||    29
Throw: Javelin           |       |       |     3 ||     3
Evoke: Wand              |       |     2 |     1 ||     3
  Use: Scroll            |       |     7 |    12 ||    19
       Potion            |       |       |     3 ||     3
 Stab: Sleeping          |     1 |       |     2 ||     3
  Eat: Chunk             |     2 |     4 |    10 ||    16
       Ration            |       |       |     4 ||     4
Armor: Leather armour    |    64 |       |       ||    64
       Ring mail         |    26 |    94 |   301 ||   421
Dodge: Dodged            |   133 |    92 |   300 ||   525
